 Dungeon Crawl Stone Soup version 0.25.1-1-g288607f5aa (webtiles) character file.

Game seed: 11445517612437600756

595306 protoss039 the Archmage (level 26, -2/209 HPs)
             Began as a Deep Elf Earth Elementalist on July 26, 2020.
             Was the Champion of Sif Muna.
             Slain by a reaper
             ... wielding a +4 scythe of protection
             ... called by a doom hound
              (28 damage)
             ... on level 1 of Tartarus on July 28, 2020.
             The game lasted 10:34:03 (104185 turns).

protoss039 the Archmage (DEEE)                    Turns: 104185, Time: 10:34:03

Health: -2/209     AC: 35    Str:  3    XL:     26   Next: 33%
Magic:  27/56      EV: 13    Int: 35    God:    Sif Muna [******]
Gold:   6755       SH:  5    Dex: 17    Spells: 12/79 levels left

rFire    + + .     SeeInvis .   G - +4 glaive "Pagrot" {vorpal, +Inv rF- MR+++ Dex+2}
rCold    + + .     Gourm    .   (shield currently unavailable)
rNeg     + + .     Faith    .   (armour currently unavailable)
rPois    ∞         Spirit   .   z - +1 helmet of Foneocax {rPois rF+ Slay+2}
rElec    +         Reflect  +   g - scarf {rC+ rF+}
rCorr    .         Harm     .   (gloves currently unavailable)
MR       +++++     Clarity  +   (boots currently unavailable)
Stlth    ++++++....             A - amulet of Zyggesixt {Reflect rF+ Str-2 SH+5 Stlth+}
HPRegen  0.44/turn              R - ring of Shadows {Umbra +Inv Stlth+}
MPRegen  0.35/turn              V - ring "Yddaran" {rElec rPois rC+ rN+ Int+2}

@: about to teleport, statue-form, doom-hounded, very slightly contaminated,
wreathed by umbra, very slow
A: clarity
}: 3/15 runes: serpentine, barnacled, silver
a: End Transformation, Channel Magic, Forget Spell, Divine Exegesis, Renounce
Religion, Evoke Invisibility


You were on level 1 of Tartarus.
You worshipped Sif Muna.
Sif Muna was exalted by your worship.
You were hungry.
You were a stone statue.
You visited 12 branches of the dungeon, and saw 50 of its levels.
You visited the Abyss 1 time.
You visited 1 bazaar.
You also visited: Gauntlet and Ice Cave.

You collected 9130 gold pieces.
You spent 2375 gold pieces at shops.

Inventory:

Hand Weapons
 j - the cursed +2 rapier "Beetlebane" {flame, +Fly MR+ MP+9 Dex-3}
   (You took it off an orc on level 3 of the Crypt)

   It has been specially enchanted to burn those struck by it, causing extra
   injury to most foes and up to half again as much damage against particularly
   susceptible opponents.
   It affects your dexterity (-3).
   It affects your resistance to hostile enchantments.
   It affects your magic capacity (+9).
   It lets you fly.
   It has a curse placed upon it.
 G - the +4 glaive "Pagrot" (weapon) {vorpal, +Inv rF- MR+++ Dex+2}
   (You found it on level 8 of the Dungeon)

   It inflicts extra damage upon your enemies.
   It affects your dexterity (+2).
   It makes you vulnerable to fire.
   It affects your resistance to hostile enchantments.
   It lets you turn invisible.
Armour
 g - a scarf of resistance (worn)
 z - the +1 helmet of Foneocax (worn) {rPois rF+ Slay+2}
   (You found it on level 5 of the Dungeon)

   It affects your accuracy and damage with ranged weapons and melee attacks
   (+2).
   It protects you from fire.
   It protects you from poison.
 K - +6 acid dragon scales (melded)
 U - the +2 pair of gloves of Xysch (melded) {*Slow rN+++ SInv Stlth+}
   (You found it on level 2 of the Lair of Beasts)

   It renders you almost immune to negative energy.
   It lets you see invisible.
   It may slow you when you take damage.
   It makes you more stealthy.
 W - a +2 pair of boots of flying (melded)
Magical Staves
 M - an uncursed staff of wizardry
 S - an uncursed staff of energy
Jewellery
 A - the amulet of Zyggesixt (around neck) {Reflect rF+ Str-2 SH+5 Stlth+}
   (You found it in a Gauntlet)

   [amulet of reflection]

   It shields you and reflects attacks.
   It affects your strength (-2).
   It protects you from fire.
   It affects your SH (+5).
   It makes you more stealthy.
 Q - the ring of Diseemif {+Fly Int+7 Dex+4}
   (You took it off an ironbrand convoker on level 5 of the Vaults)

   [ring of flight]

   It affects your intelligence (+7).
   It affects your dexterity (+4).
   It lets you fly.
 R - the ring of Shadows (left hand) {Umbra +Inv Stlth+}
   (You found it on level 7 of the Dungeon)

   [ring of stealth]

   It lets you turn invisible.
   It makes you more stealthy.
 V - the ring "Yddaran" (right hand) {rElec rPois rC+ rN+ Int+2}
   (You found it on level 2 of the Vaults)

   [ring of positive energy]

   It affects your intelligence (+2).
   It protects you from cold.
   It insulates you from electricity.
   It protects you from poison.
   It protects you from negative energy.
Wands
 x - a wand of iceblast (57)
 I - a wand of digging (8)
 X - a wand of acid (17)
 Y - a wand of clouds (4)
Scrolls
 a - 4 scrolls of blinking
 i - 22 scrolls of remove curse
 l - 7 scrolls of immolation
 n - 8 scrolls of fear
 o - 3 scrolls of enchant armour
 p - a scroll of holy word
 s - 6 scrolls of magic mapping
 u - 12 scrolls of teleportation
 B - 4 scrolls of amnesia
 E - 10 scrolls of enchant weapon
 L - 7 scrolls of identify
 N - a scroll of summoning
 O - 5 scrolls of fog
Potions
 c - 5 potions of magic
 e - 4 potions of cancellation
 f - a potion of heal wounds
 h - 2 potions of invisibility
 m - 6 potions of might
 r - 4 potions of brilliance
 v - 14 potions of curing
 w - 12 potions of mutation
 C - 5 potions of haste
 F - 2 potions of resistance
Miscellaneous
 b - the horn of Geryon
 q - a tin of tremorstones (3/3)
 H - 3 boxes of beasts
 P - a phial of floods
Comestibles
 d - 67 rations


   Skills:
 * Level 15.4 Fighting
 - Level 5.0 Armour
 - Level 3.0 Dodging
 - Level 3.0 Stealth
 O Level 27 Spellcasting
 - Level 16.0 Conjurations
   Level 4.0 Hexes
 - Level 1.0 Charms
 - Level 10.0 Summonings
 * Level 10.8 Necromancy
 * Level 11.0 Transmutations
 - Level 6.0 Fire Magic
 - Level 1.0 Air Magic
 O Level 27 Earth Magic
   Level 1.0 Poison Magic
 * Level 14.4 Invocations


You had 12 spell levels left.
You knew the following spells:

 Your Spells              Type           Power        Failure   Level  Hunger
a - Statue Form           Tmut/Erth      ########.    1%          6    None
b - Passwall              Tmut/Erth      ########     0%          2    None
c - Necromutation         Tmut/Necr      #######...   32%         8    None
d - Petrify               Tmut/Erth      ########     0%          4    None
e - Lee's Rapid Deconstr  Erth           ########..   0%          5    None
f - Aura of Abjuration    Summ           #######...   1%          5    None
g - Fireball              Conj/Fire      #######...   1%          5    None
h - Iron Shot             Conj/Erth      ########..   0%          6    None
i - Spellforged Servitor  Conj/Summ      #######...   1%          7    None
j - Lehudib's Crystal Sp  Conj/Erth      ########..   1%          8    None
l - Shatter               Erth           ########..   1%          9    ##.....
m - Swiftness             Chrm/Air       ######..     1%          2    None

Your spell library contained the following spells:

 Spells                   Type           Power        Failure   Level  Hunger
 Animate Skeleton         Necr           N/A          0%          1    None
 Beastly Appendage        Tmut           ######       0%          1    None
 Foxfire                  Conj/Fire      ####         0%          1    None
 Magic Dart               Conj           ####         0%          1    None
 Pain                     Necr           ####         0%          1    None
 Sandblast                Erth           ######       0%          1    None
 Shock                    Conj/Air       ####         0%          1    None
 Summon Butterflies       Summ           #######.     0%          1    None
 Summon Small Mammal      Summ           ####         0%          1    None
 Call Imp                 Summ           #######.     0%          2    None
 Searing Ray              Conj           ######       0%          2    None
 Sticks to Snakes         Tmut           #######.     0%          2    None
 Sublimation of Blood     Necr           #######...   0%          2    None
 Conjure Flame            Conj/Fire      #######.     0%          3    None
 Stone Arrow              Conj/Erth      ######       0%          3    None
 Vampiric Draining        Necr           #######...   0%          3    None
 Leda's Liquefaction      Hex/Erth       ########..   0%          4    None
 Bolt of Magma            Conj/Fire/Erth ########..   0%          5    None
 Borgnjor's Vile Clutch   Necr/Erth      ########..   0%          5    None
 Apportation              Tloc           #####.       1%          1    None
 Corona                   Hex            ######.      1%          1    None
 Freeze                   Ice            ####         1%          1    None
 Infusion                 Chrm           ####         1%          1    None
 Sting                    Tmut/Pois      ####         1%          1    None
 Blink                    Tloc           N/A          1%          2    None
 Corpse Rot               Necr/Air       N/A          1%          2    None
 Ensorcelled Hibernation  Hex/Ice        ######       1%          2    None
 Poisonous Vapours        Pois/Air       ######       1%          2    None
 Shroud of Golubria       Chrm/Tloc      ######       1%          2    None
 Slow                     Hex            ######..     1%          2    None
 Song of Slaying          Chrm           ######..     1%          2    None
 Call Canine Familiar     Summ           #######.     1%          3    None
 Confusing Touch          Hex            ######..     1%          3    None
 Dazzling Flash           Conj/Hex       ######       1%          3    None
 Frozen Ramparts          Ice            #####.       1%          3    None
 Gell's Gravitas          Tloc           #####.....   1%          3    None
 Ignite Poison            Fire/Tmut/Pois ######..     1%          3    None
 Inner Flame              Hex/Fire       ######..     1%          3    None
 Lesser Beckoning         Tloc           #####.....   1%          3    None
 Mephitic Cloud           Conj/Pois/Air  ######..     1%          3    None
 Ozocubu's Armour         Chrm/Ice       ######..     1%          3    None
 Portal Projectile        Hex/Tloc       ######       1%          3    None
 Recall                   Summ/Tloc      N/A          1%          3    None
 Spectral Weapon          Hex/Chrm       ######..     1%          3    None
 Spider Form              Tmut/Pois      ######....   1%          3    None
 Static Discharge         Conj/Air       #######.     1%          3    None
 Summon Guardian Golem    Hex/Summ       #######.     1%          3    None
 Teleport Other           Tloc           #####...     1%          3    None
 Tukima's Dance           Hex            ######..     1%          3    None
 Animate Dead             Necr           N/A          1%          4    None
 Cause Fear               Hex            ######....   1%          4    None
 Dispel Undead            Necr           #######.     1%          4    None
 Fulminant Prism          Conj/Hex       #######...   1%          4    None
 Hailstorm                Conj/Ice       #######.     1%          4    None
 Ice Form                 Ice/Tmut       ######..     1%          4    None
 Iskenderun's Mystic Bla  Conj/Tloc      #######.     1%          4    None
 Sticky Flame             Conj/Fire      #######.     1%          4    None
 Summon Ice Beast         Ice/Summ       ######..     1%          4    None
 Summon Lightning Spire   Summ/Air       ######..     1%          4    None
 Agony                    Necr           #######.     1%          5    None
 Alistair's Intoxication  Tmut/Pois      ######..     1%          5    None
 Blade Hands              Tmut           #######...   1%          5    None
 Excruciating Wounds      Chrm/Necr      ######....   1%          5    None
 Irradiate                Conj/Tmut      #######...   1%          5    None
 Iskenderun's Battlesphe  Conj/Chrm      #######.     1%          5    None
 Lightning Bolt           Conj/Air       #######...   1%          5    None
 Summon Demon             Summ           #######...   1%          5    None
 Summon Forest            Summ/Tloc      ######....   1%          5    None
 Summon Mana Viper        Hex/Summ       #######.     1%          5    None
 Yara's Violent Unravell  Hex/Tmut       #######...   1%          5    None
 Conjure Ball Lightning   Conj/Air       #######...   1%          6    None
 Death Channel            Necr           #######...   1%          6    None
 Hydra Form               Tmut           #######...   1%          6    None
 Shadow Creatures         Summ           N/A          1%          6    None
 Starburst                Conj/Fire      #######...   1%          6    None
 Orb of Destruction       Conj           ########..   1%          7    None
 Airstrike                Air            ######....   2%          4    None
 Olgreb's Toxic Radiance  Pois           ######..     2%          4    None
 Passage of Golubria      Tloc           N/A          4%          4    None
 Silence                  Hex/Air        ######....   4%          5    None
 Dragon Form              Tmut           #######...   4%          7    None
 Haunt                    Necr/Summ      #######...   4%          7    None
 Metabolic Englaciation   Hex/Ice        ######....   5%          5    None
 Eringya's Noxious Bog    Tmut/Pois      ######....   5%          6    None
 Monstrous Menagerie      Summ           #######...   6%          7    None
 Summon Greater Demon     Summ           #######...   6%          7    None
 Summon Hydra             Summ           #######...   6%          7    None
 Freezing Cloud           Conj/Ice/Air   ######....   7%          6    None
 Simulacrum               Ice/Necr       ######....   7%          6    None
 Darkness                 Hex            ######....   13%         6    None
 Invisibility             Hex            ######..     13%         6    None
 Borgnjor's Revivificati  Necr           #######...   32%         8    None
 Infestation              Necr           #######...   32%         8    None
 Malign Gateway           Summ/Tloc      ######....   43%         7    None
 Summon Horrible Things   Summ           #######...   43%         8    None
 Dispersal                Tloc           #####.....   54%         6    None
 Ozocubu's Refrigeration  Ice            #####.....   54%         6    None
 Ring of Flames           Chrm/Fire      ######....   65%         7    None
 Chain Lightning          Conj/Air       #######...   65%         8    None
 Death's Door             Chrm/Necr      ######....   94%         8    None
 Ignition                 Fire           ######....   94%         8    None
 Discord                  Hex            ######....   99%         8    None
 Fire Storm               Conj/Fire      #######...   99%         9    ##.....
 Controlled Blink         Tloc           N/A          100%        8    None
 Disjunction              Tloc           #####.....   100%        8    None
 Absolute Zero            Ice            #####.....   100%        9    ##.....
 Dragon's Call            Summ           #######...   100%        9    ##.....
 Tornado                  Air            ######....   100%        9    ##.....


Dungeon Overview and Level Annotations

Branches:
Dungeon (15/15)            Temple (1/1) D:7            Lair (6/6) D:9
 Shoals (4/4) Lair:3        Snake (4/4) Lair:4        Slime (0/5) Lair:6
    Orc (2/2) D:10            Elf (3/3) Orc:2        Vaults (5/5) D:14
  Crypt (3/3) Vaults:2       Tomb (0/3) Crypt:3      Depths (5/5) D:15
   Hell (visited)             Dis (0/7) Hell            Geh (0/7) Hell
    Coc (0/7) Hell            Tar (1/7) Hell            Zot (0/5) Depths:5
  IceCv (visited)         Gauntlet (visited)

Altars:
Ashenzari
Cheibriados
Dithmenos
Elyvilon
Fedhas
Gozag
Hepliaklqana
Kikubaaqudgha
Makhleb
Nemelex Xobeh
Okawaru
Qazlal
Ru
Sif Muna
Trog
Uskayaw
Vehumet
Wu Jian
Xom
Yredelemnul
Zin
The Shining One
Beogh

Shops:
D:8 :   D:10 %%   D:12 [   D:13 ?   Orc:2 }[:(   Shoals:1 %   Shoals:2 =
Snake:2 =}=   Vaults:2 [(*   Depths:1 =   Depths:4 %   Depths:5 [

Portals:
Hell: Depths:1 Depths:2 Depths:3 Depths:4 Depths:5
Abyss: Depths:2 Depths:4
Pandemonium: Depths:3 Depths:4
Ziggurat: Depths:1
Trove: D:12 (give 5 scrolls of fog)

Annotations:
D:11 1 exclusion
D:12 1 exclusion
Shoals:3 1 exclusion
Snake:1 2 transporters, Tommers's ghost, journeyman BaIE
Vaults:4 1 exclusion
Crypt:1 exclusion: 2 doors, Boris
Depths:4 1 exclusion


Innate Abilities, Weirdness & Mutations

You possess an exceptional clarity of mind.


Message History

Press: ? - help, Shift-Dir - straight line, f - reaper
Aim: a reaper, wielding a +6 vorpal scythe (umbra)
The iron shot misses the reaper.
The reaper barely misses you.
A Tzitzimitl comes into view.
Unknown command.
As you read the scroll of teleportation, it crumbles to dust.
You feel strangely unstable. The reaper hits you but does no damage.
Unknown command.
You feel better. The Tzitzimitl gestures at you.
The bolt of negative energy misses you.
The reaper hits you from afar with a +6 vorpal scythe!!
* * * LOW HITPOINT WARNING * * *
x2 A tormentor comes into view.
Unknown command.
Unknown command.
Unknown command.
Unknown command.
The reaper hits you from afar with a +4 scythe of protection!!
You die...

#......#######....
#...)..# ### ##...
#.....####.#####..
#..^...##..8.##...
#.....####..####..
#......##....##...
#)).2.####..####..
#..2...##....##...
#8....####..####.#
#..1...####..#####
#..2....####..####
#...58...# ##..#.#
#..).†...###......
#.........###.....
#........###......
#.........###.....
#.#.#.#..## #.#..#


You could see a Tzitzimitl, 2 reapers, a tormentor, a shadow imp and a friendly
spellforged servitor (summoned).

Vanquished Creatures
  2 ancient liches
  Vashnia (Snake:2)
  Bai Suzhen (Depths:1)
  A profane servitor (Depths:4)
  A golden dragon (Depths:5)
  A Tzitzimitl (Tar:1)
  4 liches
  5 tentacled monstrosities
  A deep elf blademaster (Elf:3)
  4 titans (Vaults:5)
  2 sphinxes
  A quicksilver dragon (shapeshifter) (Vaults:5)
  A quicksilver dragon (Vaults:5)
  A deep elf master archer (Elf:3)
  Murray (Hell)
  Gastronok (Lair:2)
  Frances (Shoals:2)
  A tentacled starspawn (Abyss:3)
  6 tengu reavers
  4 storm dragons (Vaults:5)
  2 ancient champions
  4 shadow dragons
  The ghost of wineyard the Sorcerer, an adept DEIE of Vehumet (Snake:3)
  8 nagarajas
  A revenant (Crypt:2)
  3 iron dragons
  A draconian scorcher (Depths:5)
  12 fire giants
  An orc warlord (Orc:1)
  6 deep elf sorcerers
  3 vault wardens
  2 frost giants
  2 balrugs
  A deep elf elementalist (Abyss:3)
  4 entropy weavers
  17 stone giants
  19 very ugly things
  9 ironheart preservers
  19 vampire knights
  5 reapers
  A juggernaut skeleton (Depths:1)
  A black draconian (Depths:5)
  3 deep elf demonologists
  2 lorocyprocas
  2 red draconians (Depths:5)
  A minotaur (Gauntlet)
  3 spark wasps
  2 deep elf annihilators (Elf:3)
  8 ettins
  2 eidola
  4 merfolk javelineers
  A green death (Depths:3)
  14 fire dragons
  A crystal guardian (Vaults:4)
  7 deep elf death magi
  5 jiangshi
  A mummy priest (Crypt:2)
  A deep elf high priest (Vaults:4)
  A pearl dragon zombie (Depths:4)
  19 yaktaur captains
  9 rakshasas
  4 merfolk impalers
  7 great orbs of eyes
  11 ogre magi
  A quicksilver dragon skeleton (Crypt:1)
  9 hydras
  9 ice dragons
  33 vault guards
  8 naga warriors
  3 merfolk avatars
  6 spriggan air magi
  2 catoblepae
  14 anacondas
  A death knight (Vaults:5)
  6 merfolk aquamancers
  An alligator snapping turtle (Shoals:2)
  12 centaur warriors
  A satyr (Shoals:2)
  23 two-headed ogres
  24 dancing weapons
  8 deep troll earth magi
  A queen ant (Lair:2)
  A satyr (shapeshifter) (Depths:3)
  4 deep troll shamans
  Urug (D:13)
  7 tengu warriors
  10 orc high priests
  2 death yaks (Lair:3)
  12 naga sharpshooters
  3 hell hogs (Depths:4)
  9 vampire magi
  4 spriggan berserkers
  10 soul eaters
  4 shock serpents
  5 sun demons (Hell)
  A thrashing horror (Abyss:3)
  Sonja (Orc:2)
  A titan skeleton (Crypt:1)
  Nergalle (Lair:1)
  17 deep elf knights
  7 hell knights
  A salamander mystic (Snake:2)
  5 glowing orange brains
  6 shadow wraiths
  A golden dragon zombie (Crypt:3)
  21 skeletal warriors
  3 wizards
  5 unseen horrors
  An anaconda zombie (Hell)
  11 sea snakes
  16 deep trolls
  2 naga ritualists
  A swamp dragon (shapeshifter) (Vaults:2)
  15 deep elf archers
  3 flayed ghosts
  An anaconda skeleton (Hell)
  10 ironbrand convokers
  16 orc knights
  7 phantasmal warriors
  A wolf spider zombie (D:15)
  10 necromancers
  A golden dragon skeleton (Depths:1)
  17 harpies
  2 nameless horrors
  7 mana vipers
  2 wolf spiders
  6 fauns
  6 cyclopes
  7 oklob plants
  72 deep elf magi
  A shining eye (Gauntlet)
  5 orc sorcerers
  15 manticores
  23 ugly things
  A stone giant skeleton (Tar:1)
  13 elephants (Lair:6)
  3 guardian serpents
  3 centaur zombies
  8 salamanders
  5 rust devils
  4 water nymphs
  A moth of wrath (shapeshifter) (Vaults:5)
  33 black mambas
  2 ice statues (IceCv)
  10 vault sentinels
  A spiny frog (shapeshifter) (D:13)
  Psyche (D:8)
  2 gargoyles (D:12)
  An apis skeleton (Depths:4)
  2 orange demons (Hell)
  14 spiny frogs
  10 merfolk sirens
  9 naga magi
  2 smoke demons
  3 rime drakes
  4 spectral swamp worms (Depths:3)
  A hellion (Hell)
  5 komodo dragons
  2 kobold demonologists
  A catoblepas zombie (Crypt:1)
  A minotaur zombie (Crypt:2)
  18 ice devils
  51 yaktaurs
  5 freezing wraiths
  2 redback zombies (D:13)
  A yaktaur (shapeshifter) (Vaults:2)
  28 merfolk
  A hellwing (Depths:1)
  4 tengu conjurers
  A hydra zombie (Crypt:2)
  5 red devils
  A wind drake (shapeshifter) (Depths:4)
  11 trolls
  2 polar bears (Lair:6)
  2 ancient zymes (Abyss:3)
  A queen bee (shapeshifter) (Vaults:4)
  3 meliai (D:13)
  A tengu simulacrum (Vaults:2)
  A spriggan zombie (Depths:1)
  7 wind drakes
  7 blink frogs
  6 hornets
  A frost giant simulacrum (Depths:1)
  11 hippogriffs
  4 dream sheep (Shoals:3)
  2 alligator zombies (Hell)
  20 slime creatures
  A meliai zombie (D:13)
  6 snapping turtles
  4 raiju (Abyss:3)
  A dream sheep (shapeshifter) (Vaults:5)
  A bog body (Crypt:3)
  2 raiju (shapeshifter)
  A fire dragon zombie (Crypt:1)
  A centaur simulacrum (D:15)
  5 flying skulls
  4 spriggans
  Sigmund (D:7)
  2 blink frogs (shapeshifter)
  A tarantella (shapeshifter) (D:13)
  3 air elementals
  3 wyverns
  A ynoxinul (Abyss:3)
  4 shadows
  17 vampires
  A spriggan (shapeshifter) (Vaults:2)
  A wraith (Vaults:5)
  3 redbacks
  58 yaks
  A tarantella (Vaults:3)
  A black mamba skeleton (Crypt:2)
  12 fire elementals
  15 water elementals
  3 fire bats (Depths:1)
  2 steam dragons
  3 hungry ghosts
  A steam dragon (shapeshifter) (Vaults:3)
  A basilisk (Lair:5)
  Menkaure (D:6)
  2 vampire mosquitoes (D:13)
  7 wargs
  Edmund (D:7)
  A swamp worm (shapeshifter) (Depths:3)
  3 large abominations
  47 nagas
  4 soldier ants
  2 acid dragons (Vaults:1)
  16 water moccasins
  6 hell hounds
  A small abomination (Abyss:3)
  A floating eye (shapeshifter) (Elf:2)
  12 porcupines
  2 floating eyes (Gauntlet)
  69 orc warriors
  A meliai simulacrum (D:14)
  A hornet zombie (D:15)
  A hydra simulacrum (Hell)
  3 black bears
  3 ice beasts
  7 necrophages
  2 sky beasts
  A black bear (shapeshifter) (Vaults:5)
  3 phantoms
  An ogre (shapeshifter) (Depths:5)
  23 ogres
  9 boggarts
  15 wolves
  18 centaurs
  15 crocodiles
  20 big kobolds
  20 bullfrogs
  7 gnoll sergeants
  3 earth elementals
  A spiny frog simulacrum (Hell)
  A water moccasin zombie (D:8)
  A shapeshifter zombie (Crypt:3)
  A warg zombie (Crypt:1)
  2 scorpions
  12 killer bees (D:10)
  A raiju zombie (Crypt:2)
  An electric eel (D:12)
  12 wights
  2 howler monkeys
  8 crimson imps
  2 quasits
  A human simulacrum (Vaults:1)
  8 hounds
  5 jellies
  2 gnoll shamans
  38 orc priests
  2 iron imps
  21 orc wizards
  A bullfrog skeleton (D:13)
  Jessica (D:3)
  6 centaur skeletons
  6 hell rats (Hell)
  Terence (D:3)
  6 iguanas
  20 worker ants
  A demigod zombie (Crypt:3)
  A felid skeleton (Crypt:2)
  A hound zombie (D:9)
  A tengu skeleton (Crypt:1)
  2 worker ant zombies
  25 gnolls
  A howler monkey skeleton (D:6)
  11 adders
  A steam dragon skeleton (Crypt:1)
  8 shadow imps
  18 white imps
  10 ufetubi
  2 oozes (Lair:6)
  An iguana zombie (Crypt:1)
  An adder zombie (D:8)
  3 worms (D:2)
  A barachi zombie (Crypt:3)
  2 leopard geckos
  129 orcs
  4 bats
  3 giant cockroaches
  11 goblins
  9 hobgoblins
  5 jackals
  3 quokkas
  2 frilled lizards
  A hobgoblin skeleton (Crypt:3)
  25 kobolds
  A kobold zombie (Tar:1)
  A leopard gecko skeleton (Crypt:1)
  A quokka skeleton (D:5)
  3 rats
  2 bushes (Lair:4)
  6 fungi
  10 plants
2126 creatures vanquished.

Vanquished Creatures (collateral kills)
  Mara (Snake:3)
  A juggernaut (Depths:2)
  Saint Roka (Crypt:3)
  3 caustic shrikes
  A golden dragon (Vaults:5)
  Geryon (Hell)
  2 bone dragons
  2 Tzitzimimeh (Tar:1)
  2 tentacled monstrosities
  3 liches
  A doom hound (Tar:1)
  A deep elf master archer (Elf:3)
  A deep elf blademaster (Elf:3)
  2 quicksilver dragons
  A shadow dragon (Depths:2)
  4 ancient champions
  4 sphinxes
  2 tengu reavers
  2 revenants
  4 nagarajas
  A draconian monk (Depths:5)
  3 fire giants
  5 frost giants
  Louise (Depths:4)
  A cacodemon (Abyss:3)
  A fire giant (shapeshifter) (Vaults:5)
  2 vault wardens
  A balrug (Hell)
  A deep elf elementalist (Elf:3)
  An orc warlord (Elf:2)
  6 ghouls
  2 spriggan defenders
  6 ironheart preservers
  7 reapers
  5 stone giants
  10 very ugly things
  A caustic shrike skeleton (Depths:2)
  An entropy weaver (Vaults:4)
  A green draconian (Depths:5)
  3 vampire knights
  A spark wasp (Depths:2)
  5 deep elf demonologists
  A yellow draconian (Abyss:3)
  5 deep elf annihilators (Elf:3)
  A mummy priest (Crypt:2)
  A pearl dragon zombie (Depths:4)
  2 ettins
  3 eidola (Crypt:2)
  3 merfolk impalers (Shoals:4)
  5 deep elf death magi
  6 yaktaur captains
  A quicksilver dragon zombie (Tar:1)
  11 jiangshi
  4 fire dragons
  3 deep elf high priests (Elf:3)
  10 ogre magi
  4 great orbs of eyes
  A quicksilver dragon skeleton (Tar:1)
  4 naga warriors
  A rakshasa (Abyss:3)
  4 ice dragons
  A spriggan air mage (Depths:3)
  2 merfolk avatars
  An anaconda (Snake:3)
  15 two-headed ogres
  2 death knights
  A centaur warrior (Depths:2)
  8 deep troll shamans
  3 merfolk aquamancers
  5 deep troll earth magi
  A spriggan berserker (Depths:5)
  7 dancing weapons
  A vampire mage (Depths:2)
  2 naga sharpshooters
  An iron golem (Hell)
  10 deep elf knights
  5 hell knights
  A fire crab (shapeshifter) (Depths:2)
  A soul eater (Hell)
  6 sun demons
  34 skeletal warriors
  A storm dragon skeleton (Crypt:1)
  3 golden dragon zombies
  2 iron trolls
  3 nameless horrors
  3 sea snakes
  A death drake (Abyss:3)
  9 deep trolls
  2 wizards (Depths:2)
  2 glowing orange brains
  A death drake (shapeshifter) (Vaults:2)
  3 necromancers
  A deep troll (shapeshifter) (Vaults:3)
  9 phantasmal warriors
  4 deep elf archers
  A shadow demon (Tar:1)
  A shadow dragon zombie (Crypt:3)
  2 anaconda zombies (Crypt:3)
  2 naga ritualists
  3 orc knights
  A harpy (shapeshifter) (Vaults:5)
  2 mana vipers (Snake:4)
  An ironbrand convoker (Vaults:3)
  5 harpies
  A wolf spider zombie (Crypt:2)
  10 ugly things
  3 fire giant zombies
  A wolf spider (Vaults:3)
  An orc sorcerer (Vaults:5)
  11 deep elf magi
  A shadow dragon skeleton (Crypt:1)
  7 large abominations
  An iron dragon skeleton (Crypt:1)
  A stone giant zombie (Crypt:3)
  3 apis skeletons (Depths:4)
  2 dire elephant zombies
  A manticore (Shoals:4)
  A cyclops (Vaults:2)
  A frost giant skeleton (Tar:1)
  2 naga magi
  A sphinx skeleton (Depths:1)
  A stone giant skeleton (Crypt:2)
  2 guardian serpents (Snake:4)
  3 black mambas
  A water nymph (shapeshifter) (Depths:3)
  A spectral swamp worm (Depths:3)
  A water nymph (Shoals:4)
  4 freezing wraiths
  4 yaktaurs
  A demonic crawler (Abyss:3)
  A rime drake (shapeshifter) (Depths:2)
  2 hellions
  3 hellwings (Depths:1)
  4 red devils
  8 merfolk
  A hydra zombie (Crypt:3)
  An ice devil (Hell)
  A troll (Vaults:2)
  An iron troll skeleton (Crypt:3)
  2 wind drakes
  3 harpy zombies
  A death drake skeleton (Crypt:2)
  A shadow dragon simulacrum (Crypt:1)
  11 raiju (Abyss:3)
  2 fire dragon zombies (Crypt:3)
  A snapping turtle (Shoals:4)
  A harpy skeleton (Tar:1)
  13 slime creatures
  A frost giant simulacrum (Depths:1)
  A redback (shapeshifter) (Vaults:3)
  An air elemental (Elf:1)
  11 flying skulls
  A vampire (Crypt:3)
  A fire dragon skeleton (Depths:1)
  2 wraiths (Crypt:2)
  A redback (Vaults:4)
  2 small abominations (Abyss:3)
  A black mamba skeleton (Tar:1)
  3 water elementals
  A warg (Crypt:3)
  A soldier ant (shapeshifter) (Depths:3)
  8 nagas
  An acid dragon (Vaults:2)
  A faun skeleton (Crypt:3)
  2 hell hounds
  A sky beast (shapeshifter) (Elf:1)
  An eye of draining (shapeshifter) (Depths:2)
  A phantom (Hell)
  8 necrophages
  7 orc warriors
  15 ogres
  An elf zombie (Elf:1)
  An elf skeleton (Crypt:2)
  A wyvern skeleton (Crypt:3)
  A yaktaur skeleton (Crypt:1)
  2 wights
  3 crimson imps
  A quasit (Abyss:3)
  A human zombie (Crypt:3)
  2 orc wizards (Vaults:4)
  An ogre zombie (Crypt:1)
  A human simulacrum (Crypt:1)
  A shadow imp (Tar:1)
  An iguana zombie (Crypt:2)
  An iguana skeleton (Crypt:3)
  A lava snake skeleton (Crypt:2)
  A barachi skeleton (Crypt:3)
  4 orcs
  A jackal skeleton (Crypt:1)
  A rat zombie (Crypt:1)
564 creatures vanquished.

Vanquished Creatures (others)
  A reaper (IceCv)
  A merfolk aquamancer (Shoals:3)
  A deep elf knight (Elf:3)
  A deep elf mage (Elf:1)
  An ancient zyme (Abyss:3)
  5 dream sheep (D:7)
  A raiju (Abyss:3)
  2 ogres (Vaults:5)
  A spiny frog simulacrum (Hell)
  A crimson imp (Depths:1)
  2 white imps (IceCv)
  2 ufetubi (IceCv)
  14 demonic plants (Gauntlet)
  7 fungi
  15 plants
  A starspawn tentacle (Abyss:3)
56 creatures vanquished.

Grand Total: 2746 creatures vanquished

Notes
Turn   | Place    | Note
-------+----------+-------------------------------------------
     0 | D:1      | protoss039 the Deep Elf Earth Elementalist began the quest
                  | for the Orb.
     0 | D:1      | Reached XP level 1. HP: 10/10 MP: 6/6
   639 | D:1      | Reached XP level 2. HP: 15/15 MP: 6/8
  1342 | D:2      | Reached XP level 3. HP: 15/19 MP: 5/9
  1907 | D:2      | Reached XP level 4. HP: 24/24 MP: 10/12
  1991 | D:3      | Noticed Terence
  2008 | D:3      | Learned a level 2 spell: Passwall
  2012 | D:3      | Learned a level 3 spell: Stone Arrow
  2192 | D:3      | Noticed Jessica
  2195 | D:3      | Killed Jessica
  2264 | D:3      | You fall into a shaft and drop 3 floors!
  2282 | D:6      | Noticed an ice beast
  2287 | D:5      | Entered Level 5 of the Dungeon
  2403 | D:5      | Reached skill level 5 in Spellcasting
  2403 | D:5      | Reached XP level 5. HP: 28/28 MP: 4/14
  2651 | D:3      | Found a faded altar of an unknown god.
  2954 | D:3      | Learned a level 4 spell: Petrify
  2967 | D:3      | Killed Terence
  2967 | D:3      | Reached skill level 5 in Earth Magic
  3174 | D:4      | Reached XP level 6. HP: 32/32 MP: 11/17
  3376 | D:4      | Learned a level 5 spell: Lee's Rapid Deconstruction
  3664 | D:5      | Reached XP level 7. HP: 36/36 MP: 16/19
  4179 | D:5      | Found a radiant altar of Vehumet.
  4252 | D:5      | Reached skill level 1 in Conjurations
  4518 | D:5      | Got a polished helmet
  4524 | D:5      | Identified the +1 helmet of Foneocax {rPois rF+ Slay+2}
                  | (You found it on level 5 of the Dungeon)
  4681 | D:6      | Reached XP level 8. HP: 41/41 MP: 9/23
  5040 | D:6      | Noticed Menkaure
  5055 | D:6      | Killed Menkaure
  5055 | D:6      | Reached skill level 10 in Spellcasting
  6165 | D:7      | Found a transporter.
  6192 | D:7      | Reached XP level 9. HP: 43/45 MP: 12/26
  6299 | D:7      | Found a staircase to the Ecumenical Temple.
  6309 | Temple   | Entered the Ecumenical Temple
  6316 | Temple   | Became a worshipper of Sif Muna the Loreminder
  6718 | D:7      | Found a transporter.
  6721 | D:7      | Found the ring of Shadows {Umbra +Inv Stlth+}
  6723 | D:7      | Found a roughly hewn altar of Beogh.
  6948 | D:7      | Found a shimmering altar of Xom.
  7134 | D:7      | Found a sacrificial altar of Ru.
  7309 | D:7      | Noticed Edmund
  7328 | D:7      | Killed Edmund
  7332 | D:7      | Noticed Sigmund
  7489 | D:7      | Killed Sigmund
  7489 | D:7      | Reached skill level 1 in Invocations
  7832 | D:8      | Reached skill level 1 in Fighting
  7858 | D:8      | Noticed a kobold demonologist
  7867 | D:8      | Killed a kobold demonologist
  7876 | D:8      | Reached skill level 10 in Earth Magic
  7897 | D:7      | Reached * piety under Sif Muna
  8043 | D:8      | Reached XP level 10. HP: 44/53 MP: 18/28
  8488 | D:8      | Got a dazzling glaive
  8489 | D:8      | Identified the +4 glaive "Pagrot" {vorpal, +Inv rF- MR+++
                  | Dex+2} (You found it on level 8 of the Dungeon)
  8729 | D:8      | Found Rathrem's Book Boutique.
  8825 | D:8      | Noticed Psyche
  8829 | D:8      | Killed Psyche
  9281 | D:9      | Noticed a two-headed ogre
  9346 | D:9      | Found a staircase to the Lair.
  9421 | D:9      | Killed a two-headed ogre
  9556 | D:9      | Reached ** piety under Sif Muna
  9702 | D:9      | Noticed a cyclops
 10032 | D:9      | Killed a cyclops
 10032 | D:9      | Reached XP level 11. HP: 41/60 MP: 13/31
 10456 | D:10     | Entered Level 10 of the Dungeon
 10477 | D:10     | Found Jiulosav's Food Emporium.
 11366 | D:10     | Reached *** piety under Sif Muna
 11395 | D:10     | Reached skill level 5 in Conjurations
 11618 | D:10     | Found Ryrchof's Food Emporium.
 11711 | D:10     | Found a staircase to the Orcish Mines.
 11904 | D:10     | Noticed a two-headed ogre
 12073 | D:10     | Killed a two-headed ogre
 12073 | D:10     | Reached skill level 15 in Spellcasting
 12268 | D:10     | Learned a level 3 spell: Inner Flame
 12274 | D:10     | Learned a level 5 spell: Fireball
 12323 | D:11     | Reached skill level 1 in Armour
 12481 | D:11     | Noticed a tengu warrior
 12508 | D:11     | Killed a tengu warrior
 12508 | D:11     | Reached skill level 1 in Hexes
 12508 | D:11     | Reached skill level 1 in Fire Magic
 13388 | D:11     | Reached **** piety under Sif Muna
 13744 | D:11     | Killed an unseen horror
 13851 | D:11     | Reached XP level 12. HP: 67/67 MP: 25/34
 14806 | D:12     | Found Juenott's Armour Shop.
 15020 | D:12     | Reached skill level 5 in Fighting
 15034 | D:12     | Found a portal to a secret trove of treasure.
 15329 | D:12     | Noticed a six-headed hydra
 15664 | D:12     | Bought a +2 pair of gloves of strength for 258 gold pieces
 15780 | D:12     | Reached skill level 5 in Invocations
 15941 | D:12     | Killed a six-headed hydra
 16201 | D:13     | Noticed a centaur warrior
 16367 | D:13     | Noticed a centaur warrior
 16371 | D:13     | Killed a centaur warrior
 16404 | D:13     | Found Niusakh's Magic Scroll Boutique.
 16446 | D:13     | Noticed a seven-headed hydra
 16467 | D:13     | Killed a seven-headed hydra
 16607 | D:13     | Bought a scroll of magic mapping for 52 gold pieces
 16607 | D:13     | Bought a scroll of identify for 30 gold pieces
 16607 | D:13     | Bought a scroll of identify for 30 gold pieces
 16722 | D:13     | Killed a centaur warrior
 16722 | D:13     | Reached XP level 13. HP: 31/74 MP: 15/37
 16981 | D:13     | Reached ***** piety under Sif Muna
 17367 | D:13     | Noticed Urug
 17371 | D:13     | Killed Urug
 17372 | D:13     | Received a gift from Sif Muna
 17477 | D:13     | Learned a level 6 spell: Iron Shot
 17485 | D:13     | Learned a level 7 spell: Spellforged Servitor
 17724 | D:13     | Reached skill level 5 in Fire Magic
 18365 | D:13     | Got a polished rapier
 18386 | D:13     | Identified the +4 rapier of the Sage {pain, +Rage rF- Int-4
                  | SInv} (You found it on level 13 of the Dungeon)
 20431 | D:14     | Learned a level 3 spell: Mephitic Cloud
 20472 | D:15     | Entered Level 15 of the Dungeon
 20481 | D:14     | Found a gate to the Vaults.
 20812 | D:14     | Reached XP level 14. HP: 80/80 MP: 12/39
 20959 | D:14     | Reached skill level 1 in Air Magic
 21046 | D:14     | Reached skill level 1 in Poison Magic
 21334 | D:14     | Found an opulent altar of Gozag.
 21738 | D:15     | Found a staircase to the Depths.
 22548 | D:15     | Found a snail-covered altar of Cheibriados.
 22557 | D:15     | Identified Sif Muna's Catalogue of Supportive Envenoming
                  | (Sif Muna gifted it to you on level 15 of the Dungeon)
 22557 | D:15     | Received a gift from Sif Muna
 23397 | Lair:1   | Entered Level 1 of the Lair of Beasts
 23509 | D:7      | Got a jewelled hat
 23609 | D:9      | Identified the +0 hat of Toqulaur {Str+3 Int+2} (You found
                  | it on level 7 of the Dungeon)
 23643 | Lair:1   | Noticed Nergalle
 23796 | Lair:1   | Killed Nergalle
 25038 | Lair:1   | Got an ichor-stained rapier
 25052 | Lair:1   | Identified the +9 rapier of Peril {antimagic, MR+} (You
                  | found it on level 1 of the Lair of Beasts)
 25485 | Lair:2   | Noticed Gastronok
 25684 | D:8      | Bought a book of Transfigurations for 770 gold pieces
 25692 | D:8      | Learned a level 6 spell: Statue Form
 25697 | D:8      | Learned a level 4 spell: Cause Fear
 26675 | Lair:2   | Got a pair of encrusted gloves
 26686 | Lair:2   | Identified the +2 pair of gloves of Xysch {*Slow rN+++ SInv
                  | Stlth+} (You found it on level 2 of the Lair of Beasts)
 26800 | Lair:2   | Killed Gastronok
 26800 | Lair:2   | Reached XP level 15. HP: 88/88 MP: 15/41
 27181 | Lair:3   | Found a staircase to the Shoals.
 27570 | Lair:3   | Identified Sif Muna's Compendium of Captivating Evil
                  | Secrets (Sif Muna gifted it to you on level 3 of the Lair
                  | of Beasts)
 27570 | Lair:3   | Received a gift from Sif Muna
 27582 | Lair:3   | Reached skill level 15 in Earth Magic
 27946 | Lair:3   | Got a crude flail
 27947 | Lair:3   | Identified the cursed +1 flail "Zouzuema" {venom, *Slow
                  | rPois rN+} (You found it on level 3 of the Lair of Beasts)
 29258 | Lair:4   | Found a frozen archway.
 29267 | IceCv    | Entered an ice cave
 30170 | Lair:4   | Found a staircase to the Snake Pit.
 31318 | Lair:5   | Found a gate leading to a gauntlet.
 31352 | Gauntlet | Entered a Gauntlet
 31352 | Gauntlet | Found a large runed translucent door.
 31352 | Gauntlet | Found a large runed translucent door.
 31352 | Gauntlet | Found a large runed translucent door.
 31352 | Gauntlet | Found a large runed translucent door.
 31352 | Gauntlet | Found a runed translucent door.
 31352 | Gauntlet | Found a large runed translucent door.
 31352 | Gauntlet | Found a large runed translucent door.
 31352 | Gauntlet | Found a transporter.
 31352 | Gauntlet | Found a transporter.
 31352 | Gauntlet | Found a large runed translucent door.
 31352 | Gauntlet | Found a large runed translucent door.
 31352 | Gauntlet | Found a runed translucent gate.
 31352 | Gauntlet | Found a runed translucent gate.
 31352 | Gauntlet | Found a transporter.
 31352 | Gauntlet | Found a transporter.
 31405 | Gauntlet | Found a transporter.
 31419 | Gauntlet | Found a transporter.
 31473 | Gauntlet | Found a runed translucent door.
 31474 | Gauntlet | Found a large runed translucent door.
 31474 | Gauntlet | Found a large runed translucent door.
 31474 | Gauntlet | Found a large runed translucent door.
 31474 | Gauntlet | Found a large runed translucent door.
 31475 | Gauntlet | Found a large runed translucent door.
 31475 | Gauntlet | Found a large runed translucent door.
 31476 | Gauntlet | Found a large runed translucent door.
 31476 | Gauntlet | Found a large runed translucent door.
 31480 | Gauntlet | Found a transporter.
 31490 | Gauntlet | Found a transporter.
 31505 | Gauntlet | Found a transporter.
 31517 | Gauntlet | Found a transporter.
 31530 | Gauntlet | Found a transporter.
 31536 | Gauntlet | Found a transporter.
 31559 | Gauntlet | Found a runed translucent gate.
 31612 | Gauntlet | Identified Sif Muna's Incunabulum of Beguiling and the
                  | Glacier (Sif Muna gifted it to you in a Gauntlet)
 31612 | Gauntlet | Received a gift from Sif Muna
 31889 | Gauntlet | Got a coiled garnet amulet
 31893 | Gauntlet | Identified the amulet of Zyggesixt {Reflect rF+ Str-2 SH+5
                  | Stlth+} (You found it in a Gauntlet)
 33068 | Lair:6   | Entered Level 6 of the Lair of Beasts
 33071 | Lair:6   | Reached skill level 1 in Summonings
 35059 | Lair:6   | Paralysed by a hornet for 2 turns
 35253 | Lair:6   | Found the +8 longbow "Zephyr" {speed, Dex+3 SInv}
 35593 | Lair:6   | Reached XP level 16. HP: 95/95 MP: 37/42
 35674 | Lair:6   | Found a staircase to the Slime Pits.
 35758 | Lair:6   | Found a snail-covered altar of Cheibriados.
 35777 | Lair:6   | Identified Picip's Papyrus of Harmful Earth (Sif Muna
                  | gifted it to you on level 6 of the Lair of Beasts)
 35777 | Lair:6   | Received a gift from Sif Muna
 36305 | Orc:1    | Entered Level 1 of the Orcish Mines
 36686 | Orc:1    | Found a roughly hewn altar of Beogh.
 36731 | Orc:1    | Found a roughly hewn altar of Beogh.
 36875 | Orc:2    | Entered Level 2 of the Orcish Mines
 36891 | Orc:2    | Noticed Sonja
 36892 | Orc:2    | Killed Sonja
 37609 | Orc:2    | Found a staircase to the Elven Halls.
 37856 | Orc:2    | Identified Sif Muna's Collected Works on Supportive
                  | Orientation (Sif Muna gifted it to you on level 2 of the
                  | Orcish Mines)
 37856 | Orc:2    | Received a gift from Sif Muna
 38870 | Orc:2    | Reached skill level 10 in Conjurations
 39377 | Orc:2    | Found Makhles's Food Shop.
 39432 | Orc:2    | Found a roughly hewn altar of Beogh.
 39731 | Orc:2    | Reached skill level 5 in Transmutations
 39851 | Orc:2    | Found Evocyx's Gadget Boutique.
 39851 | Orc:2    | Found Zinorush's Antique Armour Boutique.
 39852 | Orc:2    | Found Kalac's Book Shop.
 39852 | Orc:2    | Found Eras's Antique Weapon Boutique.
 39863 | Orc:2    | Bought a slimy robe for 142 gold pieces
 39873 | Orc:2    | Identified the +0 robe of Fortification {rF+ Slay+4} (You
                  | bought it in a shop on level 2 of the Orcish Mines)
 40174 | Shoals:1 | Entered Level 1 of the Shoals
 40578 | Shoals:1 | Found Boussic's Food Emporium.
 40588 | Shoals:1 | Reached skill level 5 in Summonings
 40588 | Shoals:1 | Reached XP level 17. HP: 100/100 MP: 40/44
 42135 | Shoals:1 | Identified Ywnoho's Papyrus of Earthen Flight (Sif Muna
                  | gifted it to you on level 1 of the Shoals)
 42135 | Shoals:1 | Received a gift from Sif Muna
 42355 | Shoals:2 | Found Nubuim's Jewellery Shop.
 42587 | Shoals:2 | Noticed Frances
 43490 | Snake:1  | Entered Level 1 of the Snake Pit
 45194 | Snake:1  | Reached XP level 18. HP: 106/107 MP: 14/46
 45573 | Snake:1  | Found a transporter.
 45575 | Snake:1  | Noticed Tommers's ghost (journeyman BaIE)
 45595 | Snake:1  | Found a transporter.
 46271 | Snake:2  | Reached skill level 10 in Fighting
 46436 | Snake:2  | Found Qoefim's Jewellery Shop.
 46485 | Snake:2  | Found Zosip's Gadget Emporium.
 46486 | Snake:2  | Found Nuhodeng's Jewellery Shop.
 46993 | Snake:2  | Identified Licsimn's Guide on the Traveller
 47002 | Snake:2  | Reached skill level 10 in Invocations
 47740 | Snake:2  | Noticed Vashnia
 47772 | Snake:2  | Killed Vashnia
 47775 | Snake:2  | Received a gift from Sif Muna
 49066 | Snake:3  | Found a large runed translucent door.
 49066 | Snake:3  | Found a large runed translucent door.
 49068 | Snake:3  | Noticed wineyard's ghost (adept DEIE)
 49767 | Snake:3  | Noticed Mara
 49775 | Snake:3  | Noticed protoss039's illusion
 49783 | Snake:3  | Killed Mara
 50550 | Snake:3  | Killed wineyard's ghost
 50673 | Snake:4  | Entered Level 4 of the Snake Pit
 53121 | Snake:4  | Reached XP level 19. HP: 112/113 MP: 1/48
 53351 | Snake:4  | Identified Sif Muna's Intricacies of Magic (Sif Muna gifted
                  | it to you on level 4 of the Snake Pit)
 53351 | Snake:4  | Received a gift from Sif Muna
 53672 | Snake:4  | Got a serpentine rune of Zot
 55164 | Shoals:2 | Killed Frances
 56293 | Shoals:3 | Found a shadowy altar of Dithmenos.
 56463 | Shoals:3 | Learned a level 8 spell: Lehudib's Crystal Spear
 56464 | Shoals:4 | Entered Level 4 of the Shoals
 57413 | Shoals:4 | Got a barnacled rune of Zot
 57811 | Shoals:4 | Identified Uneithru's Almanac of Creative Clay (Sif Muna
                  | gifted it to you on level 4 of the Shoals)
 57811 | Shoals:4 | Received a gift from Sif Muna
 58958 | Elf:1    | Entered Level 1 of the Elven Halls
 60340 | Elf:1    | You are sucked into a shaft and drop 1 floor!
 60345 | Elf:2    | Identified Sif Muna's Papyrus of Beguiling and
                  | Confrontation (Sif Muna gifted it to you on level 2 of the
                  | Elven Halls)
 60345 | Elf:2    | Received a gift from Sif Muna
 60350 | Elf:1    | Cast into level 3 of the Abyss (+2 flail of distortion)
 60425 | Abyss:3  | Identified a scroll of acquirement
 60516 | Abyss:3  | Gained mutation: You possess an exceptional clarity of
                  | mind. [a cacodemon]
 60600 | Abyss:3  | Lost strength.
 61185 | Elf:1    | Escaped the Abyss
 61461 | Elf:1    | Reached XP level 20. HP: 120/120 MP: 32/50
 62272 | Elf:1    | Identified the Almanac of Darkness
 62577 | Elf:1    | Acquired 2250 gold pieces
 62586 | Elf:2    | Found a runed translucent gate.
 62586 | Elf:2    | Found a runed translucent gate.
 62586 | Elf:2    | Found a runed translucent gate.
 62593 | Elf:2    | Got a scorched bardiche
 62971 | Elf:2    | Received a gift from Sif Muna
 63315 | Elf:2    | Found a roughly hewn altar of Beogh.
 63679 | Elf:2    | Found an ancient bone altar of Kikubaaqudgha.
 64341 | Elf:2    | Reached skill level 15 in Conjurations
 64820 | Elf:2    | Identified the +6 bardiche "Oliamionn" {pain, Int+3} (You
                  | found it on level 2 of the Elven Halls)
 64828 | Elf:3    | Entered Level 3 of the Elven Halls
 65485 | Elf:3    | Identified Sif Muna's Lost Secrets of Thaumaturgy (Sif Muna
                  | gifted it to you on level 3 of the Elven Halls)
 65485 | Elf:3    | Received a gift from Sif Muna
 65653 | Elf:3    | Reached skill level 10 in Summonings
 66093 | Elf:3    | Identified the +4 flail "Iroowonu" {drain, rElec rPois rC+}
 66093 | Elf:3    | Identified the +3 robe of Nemelex Xobeh's Hope {Str+4
                  | Dex+4}
 66185 | Elf:3    | Identified the amulet of Gururih {Reflect SH+5 Stlth+}
 66204 | Elf:3    | Identified the +9 war axe of Focvaot {holy, +Fly}
 66204 | Elf:3    | Identified the ring of the Leaping Enemy {Wiz rPois rC-
                  | rN++ MR-}
 66216 | Elf:3    | Identified the +5 morningstar "Ogre's Peril" {antimagic,
                  | SInv}
 66511 | Elf:3    | Identified the Guide on the Frostbite
 66823 | Vaults:1 | Entered Level 1 of the Vaults
 68792 | Vaults:1 | Reached XP level 21. HP: 127/127 MP: 39/52
 69774 | Vaults:2 | Found Yklabrah's Antique Armour Boutique.
 69976 | Vaults:2 | Got a heavily runed granite ring
 69977 | Vaults:2 | Identified the ring "Yddaran" {rElec rPois rC+ rN+ Int+2}
                  | (You found it on level 2 of the Vaults)
 70072 | Vaults:2 | Found a staircase to the Crypt.
 70072 | Vaults:2 | Found an ancient bone altar of Kikubaaqudgha.
 70073 | Vaults:2 | Found a basalt altar of Yredelemnul.
 70387 | Vaults:2 | You are sucked into a shaft and drop 2 floors!
 70393 | Vaults:4 | Identified Sif Muna's Almanac of Flamy Moulding (Sif Muna
                  | gifted it to you on level 4 of the Vaults)
 70393 | Vaults:4 | Received a gift from Sif Muna
 70686 | Vaults:4 | Learned a level 9 spell: Shatter
 70755 | Vaults:4 | Found a gateway to a bazaar.
 70764 | Bazaar   | Entered a bazaar
 70768 | Bazaar   | Found Uxufaod's Distillery.
 70774 | Bazaar   | Bought a potion of haste for 70 gold pieces
 70774 | Bazaar   | Bought a potion of haste for 70 gold pieces
 70774 | Bazaar   | Bought a potion of magic for 56 gold pieces
 70786 | Bazaar   | Found Wyhuhes's General Store.
 70791 | Bazaar   | Bought a potion of haste for 130 gold pieces
 70791 | Bazaar   | Bought a scroll of teleportation for 39 gold pieces
 70803 | Bazaar   | Found Sudweug's Magic Scroll Boutique.
 70808 | Bazaar   | Bought a scroll of enchant armour for 90 gold pieces
 70808 | Bazaar   | Bought a scroll of teleportation for 36 gold pieces
 70808 | Bazaar   | Bought a scroll of fog for 24 gold pieces
 70808 | Bazaar   | Bought 2 scrolls of blinking for 180 gold pieces
 70808 | Bazaar   | Bought a scroll of identify for 24 gold pieces
 70808 | Bazaar   | Bought a scroll of teleportation for 36 gold pieces
 70808 | Bazaar   | Bought a scroll of amnesia for 42 gold pieces
 70808 | Bazaar   | Bought a scroll of identify for 24 gold pieces
 70821 | Bazaar   | Found Usohabam's Antique Armour Shoppe.
 70843 | Bazaar   | Bought a potion of mutation for 56 gold pieces
 70843 | Bazaar   | Bought a potion of mutation for 56 gold pieces
 70843 | Bazaar   | Bought a potion of mutation for 56 gold pieces
 71397 | Vaults:4 | Reached skill level 5 in Armour
 73141 | Vaults:2 | Identified Sif Muna's Catalogue of the Traveller and Air
                  | (Sif Muna gifted it to you on level 2 of the Vaults)
 73141 | Vaults:2 | Received a gift from Sif Muna
 73412 | Vaults:2 | Found Ipsedeuk's Weapon Shoppe.
 73441 | Vaults:2 | Found Fyelluop's General Store.
 73445 | Vaults:2 | Bought a scroll of amnesia for 56 gold pieces
 73445 | Vaults:2 | Bought a scroll of teleportation for 48 gold pieces
 75937 | Vaults:4 | Reached XP level 22. HP: 130/130 MP: 46/53
 75949 | Vaults:4 | Identified Sif Muna's Reference Book on Creative
                  | Conjuration (Sif Muna gifted it to you on level 4 of the
                  | Vaults)
 75949 | Vaults:4 | Received a gift from Sif Muna
 77024 | Depths:1 | Entered Level 1 of the Depths
 77239 | Depths:1 | Found a gateway to a ziggurat.
 77443 | Depths:1 | Found a gateway to Hell.
 78148 | Depths:1 | Identified Sif Muna's Tome of Supportive Conjuration (Sif
                  | Muna gifted it to you on level 1 of the Depths)
 78148 | Depths:1 | Received a gift from Sif Muna
 78399 | Depths:1 | You are sucked into a shaft and drop 1 floor!
 78488 | Depths:2 | Noticed a caustic shrike
 78490 | Depths:2 | Killed a caustic shrike
 78802 | Depths:2 | Noticed a juggernaut
 78822 | Depths:2 | Killed a juggernaut
 79741 | Depths:1 | Found Lauwoen's Jewellery Emporium.
 79743 | Depths:1 | Noticed Bai Suzhen
 80086 | Depths:1 | Killed Bai Suzhen
 80889 | Depths:2 | Identified the ring of the Invisible Hand {Fire MP+9}
 80982 | Depths:2 | Received a gift from Sif Muna
 81016 | Depths:2 | Noticed an ancient lich
 81019 | Depths:2 | Killed an ancient lich
 81777 | Depths:2 | Reached skill level 27 in Spellcasting
 81793 | Depths:2 | Reached XP level 23. HP: 137/137 MP: 10/56
 82129 | Depths:2 | Found a one-way gate to the infinite horrors of the Abyss.
 82299 | Depths:2 | Identified the Collected Works on Battle Magic and
                  | Transmigration
 83332 | Depths:3 | Received a gift from Sif Muna
 85387 | Depths:3 | Noticed a caustic shrike
 85390 | Depths:3 | Killed a caustic shrike
 85609 | Depths:3 | Found a one-way gate leading to the halls of Pandemonium.
 85653 | Depths:4 | Noticed Louise
 85661 | Depths:4 | Killed Louise
 86103 | Depths:4 | Found Neph's Food Shoppe.
 86182 | Depths:4 | Noticed a caustic shrike
 86184 | Depths:4 | Killed a caustic shrike
 86206 | Depths:4 | Received a gift from Sif Muna
 87627 | Depths:4 | Found a basalt altar of Yredelemnul.
 87904 | Depths:5 | Entered Level 5 of the Depths
 88301 | Depths:5 | Found Keyhis's Armour Shoppe.
 89178 | Depths:5 | Reached XP level 24. HP: 148/148 MP: 50/56
 89679 | Depths:5 | Found a gate to the Realm of Zot.
 89688 | Depths:5 | Identified Ilomorph's Reference Book on Evil and
                  | Confrontation (Sif Muna gifted it to you on level 5 of the
                  | Depths)
 89688 | Depths:5 | Received a gift from Sif Muna
 90217 | Vaults:5 | Entered Level 5 of the Vaults
 92419 | Vaults:5 | Identified the ring of Diseemif {+Fly Int+7 Dex+4}
 92579 | Vaults:5 | Identified the +5 hand axe "Laxud" {flame, Str+5}
 93176 | Vaults:5 | Reached ****** piety under Sif Muna
 93329 | Vaults:5 | Noticed an ancient lich
 93334 | Vaults:5 | Killed an ancient lich
 93504 | Vaults:5 | Reached XP level 25. HP: 147/153 MP: 17/56
 93529 | Vaults:5 | Got a silver rune of Zot
 94024 | Vaults:5 | Learned a level 8 spell: Necromutation
 94108 | Crypt:1  | Entered Level 1 of the Crypt
 94126 | Vaults:2 | Learned a level 5 spell: Aura of Abjuration
 94575 | Crypt:1  | Reached skill level 1 in Necromancy
 95584 | Crypt:1  | Noticed Boris
 97344 | Crypt:2  | Identified the Tome of Stolen Souls
 97595 | Crypt:3  | Entered Level 3 of the Crypt
 98234 | Crypt:3  | Found a staircase to the Tomb.
 98252 | Crypt:3  | Reached skill level 5 in Necromancy
 98320 | Crypt:3  | Reached skill level 27 in Earth Magic
 99221 | Crypt:3  | Reached skill level 15 in Fighting
 99520 | Crypt:3  | Noticed Saint Roka
 99539 | Crypt:3  | Identified the cursed +2 rapier "Beetlebane" {flame, +Fly
                  | MR+ MP+9 Dex-3}
 99551 | Crypt:3  | Killed Saint Roka
100506 | Crypt:3  | Identified the Compendium of Black Secrets
100799 | Hell     | Entered the Vestibule of Hell
100799 | Hell     | Noticed Geryon
100799 | Hell     | Noticed Murray
100860 | Hell     | Killed Murray
101034 | Hell     | Reached skill level 10 in Transmutations
101427 | Hell     | Reached XP level 26. HP: 160/160 MP: 26/56
101429 | Hell     | Reached skill level 10 in Necromancy
101804 | Hell     | Killed Geryon
102092 | Hell     | Found a gateway to the ashen valley of Gehenna.
102217 | Hell     | Found a gateway to the decaying netherworld of Tartarus.
102352 | Hell     | Found a gateway to the freezing wastes of Cocytus.
102552 | Hell     | Found a gateway to the Iron City of Dis.
102731 | Tar:1    | Entered Level 1 of Tartarus
103436 | Hell     | Learned a level 2 spell: Swiftness
104181 | Tar:1    | Reached skill level 1 in Charms
104185 | Tar:1    | Slain by a reaper

Illustrated notes

Levels and vault maps discovered:
D:1:      dpeg_arrival_solitude, layout_loops_cross, minmay_tromino_v4_b
D:2:      layout_rooms, first_ration, kennysheep_decorative_pillar
D:3:      layout_loops_ring, chequers_ecumenical_altar_grove, uniq_jessica,
          uniq_terence
D:4:      layout_cave_pools
D:5:      layout_loops_cross, vehumet_altar_wand_db
D:6:      layout_gridville, uniq_menkaure
D:7:      gammafunk_beogh_shrine, layout_basic, kb_xom_exploding_sheep,
          minmay_temple_entry_gardened_gates, basic_altar,
          sigmund_edmund_badplayer
D:8:      layout_gridville, serial_shops, shop, special_room
          [special_room_kobold], grunt_pizzeria, uniq_psyche
D:9:      layout_cave_pools, lair_entry_dummy, fountainhead
D:10:     layout_grid_maze, kennysheep_orc_monster_closet_entryway,
          serial_shops, shop_fountains, shop, feat_on_display
D:11:     layout_stronghold, nicolae_sextant, grunt_ministairs_9,
          minmay_diamond_spiral
D:12:     layout_long_grid, nicolae_trove_entry_crystal, serial_shops,
          nicolae_shop_waterfront, wad_woods_river_04
D:13:     minmay_the_grid_triangle_9x9_recursive_2
          [minmay_the_grid_triangle_9x9_prize_top_heavy,
          minmay_the_grid_triangle_9x9_swiss_cheese,
          minmay_the_grid_triangle_9x9_zippers_horizontal,
          minmay_the_grid_triangle_9x9_windchime], layout_basic, serial_shops,
          shop, uniq_urug
D:14:     layout_cave_pools, erik_vaults_2, basic_altar
D:15:     grunt_enter_depths_hoard, layout_basic, cheibriados_altar_1
Temple:   nicolae_temple_the_god_donut
Lair:1:   layout_gridlike, minmay_lair_oklob_chamber, grunt_megastairs_2,
          uniq_nergalle
Lair:2:   layout_roguey, minmay_another_anthill, grunt_megastairs_5,
          uniq_gastronok
Lair:3:   layout_small_grid, minmay_shoals_entry_centaurs,
          hangedman_lair_generics_rect, grunt_megastairs_1, serial_bayou_shore_a
Lair:4:   layout_gridlike, guppyfry_snake_entry_garden,
          portal_ice_cave_entry_pillars_1, dpeg_oklob_1
Lair:5:   layout_cave_shapes, gauntlet_entry_generic,
          chequers_serial_rivers_micro_b, ldierk_geyser
Lair:6:   gammafunk_lair_ancient_temple, layout_gridlike,
          nicolae_slime_entry_slimehenge, lemuel_oklob_altar, lemuel_fruit_tree
Shoals:1: layout_shoals, serial_shops, shop
Shoals:2: layout_shoals, serial_shops, shop_fountains,
          nicolae_shoals_aquamancer_cove, uniq_frances
Shoals:3: layout_shoals, lemuel_altar_in_water
Shoals:4: shoals_end_simple, layout_shoals, nicolae_shoals_hunting_party
Snake:1:  layout_honeycomb, gammafunk_ghost_arena
Snake:2:  layout_chambers, minmay_shop_grove, uniq_vashnia
Snake:3:  layout_onion_interference, ebering_ghost_disaster_area,
          serial_bayou_pond_e, uniq_mara
Snake:4:  grunt_snake_rune_pools, layout_cave_town, serial_bayou_shore_b
Orc:1:    layout_caves, basic_altar, hangedman_feature_mirror, uniq_erolcha,
          uniq_erica
Orc:2:    st_orc_pillars, layout_diamond_mine, serial_shops, shop, mines1_david,
          uniq_sonja
Elf:1:    minmay_elf_arrival_summoners, layout_loops_ring,
          minmay_elf_necromancy, grunt_ministairs_1
Elf:2:    layout_gridlike, basic_altar, special_room [special_room_orc]
Elf:3:    grunt_elf_hall_asides, layout_geoelf_diagonals
Vaults:1: hangedman_vaults_pinch, nicolae_vaults_ring_of_whatevers, v_misc_30,
          ontoclasm_vaults_twist, ontoclasm_vaults_misaligned,
          nicolae_vaults_network_quinsquares
          [nicolae_vaults_network_quincunx_subvault,
          nicolae_vaults_network_quincunx_subvault,
          nicolae_vaults_network_quincunx_subvault,
          nicolae_vaults_network_quincunx_subvault], vaults_room_large_hall,
          vaults_room_semicircle, nicolae_vaults_diagonal_hallway_8,
          nicolae_vaults_mini_display_case, layout_vaults_quadrants
Vaults:2: nicolae_vaults_minivaults, v_misc_10, ontoclasm_vaults_fault,
          nicolae_vaults_asterisk, nicolae_vaults_ring_of_whatevers,
          hangedman_vaults_stream, v_misc_25, minmay_crypt_entry_necro_gods,
          ontoclasm_vaults_ring_large, v_misc_15, hangedman_vaults_cutoff,
          v_misc_33, vaults_room_octagon, layout_vaults_omnibox, serial_shops,
          shop, nicolae_shop_overgrown_old_shop, shop
Vaults:3: vaults_room_corners, v_misc_2, vaults_mumra_hex,
          hangedman_vaults_restitches, hangedman_vaults_nails,
          nicolae_vaults_display_case, v_misc_9, nicolae_vaults_circle_grid_b,
          nicolae_vaults_angled_halls, grunt_vaults_hallway_short,
          layout_vaults_maze_snakey
Vaults:4: v_misc_10, ontoclasm_vaults_gallery, v_pattern_3, v_misc_18,
          v_misc_28, nicolae_vaults_what_the_h, vaults_room_pool, v_misc_33,
          layout_vaults_big_room, serial_shops, bzr_firewalk
Vaults:5
Crypt:1:  layout_gridlike, uniq_boris
Crypt:2:  layout_gridlike, special_room [special_room_morgue]
Crypt:3:  due_elkab, layout_chaotic_city, uniq_saint_roka
Depths:1: layout_cave_shapes, enter_ziggurat_e, glass_columns_a, hellmouth_3,
          serial_shops, shop, kennysheep_opposing_triangles, uniq_bai_suzhen
Depths:2: hangedman_pleasuredromes, abyss_entry, hell_entry
Depths:3: minmay_quarter_circles, layout_long_grid, grunt_pan_entry_in_and_out,
          pf_hell_entry_tar_river, corexii_hall_statues_i, fountainhead
Depths:4: kennysheep_scales, layout_long_grid, serial_shops, shop,
          rand_demon_pan_entry_5, nicolae_abyss_entry_one_way_or_another,
          small_statue_intersection, hell_entry, hangedman_blasphemy
Depths:5: grunt_zot_entry_tricorne, layout_gridlike, lightli_too_deep,
          minmay_misc_feat_rugged, minmay_shop_star
Hell
Tar:1:    layout_grid_maze

Skill      XL: |  1  2  3  4  5  6  7  8  9 10 11 12 13 14 15 16 17 18 19 20 21 22 23 24 25 26 |
---------------+-------------------------------------------------------------------------------+-----
Dodging        | 3 |  3.0
Stealth        | 3 |  3.0
Earth Magic    | 4 5 6 7 8 10 11 12 14 15 16 17 18 19 20 23 26 27 | 27.0
Spellcasting   | 4 5 6 7 9 11 12 14 16 18 19 20 21 22 23 24 25 27 | 27.0
Conjurations   | 1 3 4 5 6 7 9 10 11 13 14 15 16 | 16.0
Invocations    | 2 3 4 5 6 7 8 9 10 12 13 14 | 14.4
Fighting       | 2 3 4 5 6 8 9 10 11 12 13 14 15 | 15.4
Armour         | 2 3 4 5 |  5.0
Hexes          | 2 3 4 |  4.0
Fire Magic     | 2 4 6 |  6.0
Air Magic      | 1 |  1.0
Poison Magic   | 1 |  1.0
Transmutations | 2 3 5 6 10 11 | 11.0
Summonings     | 2 5 6 8 9 10 | 10.0
Necromancy     | 9 10 | 10.8
Charms         | 1 |  1.0

Action                   |  1- 3 |  4- 6 |  7- 9 | 10-12 | 13-15 | 16-18 | 19-21 | 22-24 | 25-27 || total
-------------------------+-------+-------+-------+-------+-------+-------+-------+-------+-------++-------
Melee: Dagger            |    19 |     4 |       |       |     2 |       |       |       |       ||    25
       Short sword       |       |       |    32 |       |       |       |       |       |       ||    32
       Long sword        |       |       |    19 |       |       |       |       |       |       ||    19
       Glaive            |       |       |       |    21 |    88 |    29 |    58 |    75 |   151 ||   422
       Staff             |       |       |       |       |       |     1 |     1 |       |       ||     2
 Cast: Sandblast         |    44 |    60 |    72 |   103 |   304 |   121 |    60 |       |       ||   764
       Stone Arrow       |       |     4 |    75 |   144 |   257 |    91 |    19 |       |       ||   590
       Petrify           |       |       |     1 |    11 |    25 |    10 |     8 |     2 |     1 ||    58
       Lee's Rapid Decon |       |       |    16 |    94 |   222 |   140 |   165 |    92 |    41 ||   770
       Inner Flame       |       |       |       |     7 |     4 |       |       |       |       ||    11
       Iron Shot         |       |       |       |       |    88 |   292 |   449 |   284 |   212 ||  1325
       Fireball          |       |       |       |       |    43 |     8 |    19 |       |       ||    70
       Passwall          |       |       |       |       |     7 |       |     1 |     1 |     3 ||    12
       Mephitic Cloud    |       |       |       |       |     5 |    14 |     2 |       |       ||    21
       Statue Form       |       |       |       |       |     5 |     9 |    26 |    34 |    12 ||    86
       Cause Fear        |       |       |       |       |     4 |     2 |     1 |       |       ||     7
       Spellforged Servi |       |       |       |       |       |    17 |    72 |    85 |    79 ||   253
       Lehudib's Crystal |       |       |       |       |       |       |    32 |   131 |    13 ||   176
       Shatter           |       |       |       |       |       |       |       |    10 |    14 ||    24
       Aura of Abjuratio |       |       |       |       |       |       |       |       |     5 ||     5
       Swiftness         |       |       |       |       |       |       |       |       |     1 ||     1
Invok: Channel Magic     |       |       |       |       |     3 |     5 |     4 |     5 |       ||    17
 Abil: End Transformatio |       |       |       |       |     5 |     9 |    20 |    26 |    11 ||    71
Evoke: Tin of tremorston |       |       |       |       |     3 |       |       |       |       ||     3
       Lightning rod     |       |       |       |       |     2 |       |       |       |       ||     2
       Wand              |       |       |       |       |       |     5 |       |       |       ||     5
       Box of beasts     |       |       |       |       |       |       |     3 |     1 |       ||     4
  Use: Scroll            |       |     3 |     8 |     8 |    17 |    10 |    25 |     5 |     9 ||    85
       Potion            |       |       |       |     2 |     6 |     4 |    10 |     4 |     3 ||    29
 Stab: Sleeping          |     1 |     1 |       |     1 |     9 |     3 |     1 |       |     3 ||    19
       Petrified         |       |       |       |       |     3 |       |       |       |       ||     3
       Confused          |       |       |       |       |     1 |       |       |       |       ||     1
       Distracted        |       |       |       |       |       |       |     1 |     2 |     8 ||    11
  Eat: Chunk             |     3 |     5 |    12 |    22 |    46 |    30 |    66 |    32 |     7 ||   223
       Ration            |       |       |     1 |     2 |     4 |     7 |     3 |     7 |     8 ||    32
Armor: Robe              |     7 |       |     9 |    16 |       |    30 |    24 |       |       ||    86
       Leather armour    |       |       |       |     8 |   168 |    15 |       |       |       ||   191
       Skin              |       |       |       |       |    24 |    62 |   109 |   219 |    56 ||   470
       Acid dragon scale |       |       |       |       |       |       |    48 |   104 |   143 ||   295
Dodge: Dodged            |    23 |    22 |    67 |   108 |   390 |   206 |   263 |   252 |   206 ||  1537
Block: Other             |       |       |       |       |    33 |    62 |    74 |   101 |    84 ||   354
       Reflection        |       |       |       |       |       |    17 |    14 |    24 |     1 ||    56
